 Dungeon Crawl Stone Soup version 0.20-a0-1015-g2ec8a95 (webtiles) character file.

26027 4thArraOfDagon the Severer (level 12, -6/113 HPs)
             Began as a Minotaur Berserker on Apr 15, 2017.
             Was an Elder of Trog.
             Splashed by a deep elf sorcerer's acid (17 damage)
             ... on level 2 of the Elven Halls.
             The game lasted 00:24:49 (4506 turns).

4thArraOfDagon the Severer (Minotaur Berserker)     Turns: 4506, Time: 00:24:49

Health: -6/113     AC:  7    Str: 39    XL:     12   Next: 94%
Magic:  11/11      EV: 18    Int: 11    God:    Trog [****..]
Gold:   381        SH:  0    Dex: 16    Spells: 11/11 levels left

rFire    . . .     SeeInvis .   M - +2 battleaxe (elec)
rCold    + + .     Gourm    .   (shield currently unavailable)
rNeg     . . .     Faith    .   f - +1 ring mail "Gonissu" {rC+ Str+4}
rPois    +         Spirit   .   (helmet restricted)
rElec    .         Reflect  .   (no cloak)
rCorr    .         Harm     .   e - +0 pair of gloves
MR       +++..                  (no boots)
Stlth    +.........             (no amulet)
Regen    1.3/turn               t - ring "Cayf Hyg" {rC+ Str+9 Int+6 Dex+4}
MPRegen  0.2/turn               k - ring of protection from magic

@: regenerating
A: retaliatory headbutt, horns 2, agile 1, deformed body, poison resistance
a: Berserk, Trog's Hand, Brothers in Arms, Burn Spellbooks, Renounce Religion


You were on level 2 of the Elven Halls.
You worshipped Trog.
Trog was greatly pleased with you.
You were not hungry.

You visited 3 branches of the dungeon, and saw 15 of its levels.
You also visited: Ossuary.

You collected 1717 gold pieces.
You spent 1336 gold pieces at shops.

Inventory:

Hand Weapons
 a - a +1 hand axe
 B - a +1 hand axe of chopping
 D - a +1 hand axe of flaming
 M - a +2 battleaxe of electrocution (weapon)
Armour
 b - a +0 animal skin
 e - a +0 pair of gloves (worn)
 f - the +1 ring mail "Gonissu" (worn) {rC+ Str+4}
   (You bought it in a shop on level 5 of the Dungeon)

   It affects your strength (+4).
   It protects you from cold.
 u - a +0 chain mail
Magical Staves
 J - an uncursed staff of summoning {!a}
Jewellery
 k - a ring of protection from magic (right hand)
 l - an uncursed ring of resist corrosion
 t - the ring "Cayf Hyg" (left hand) {rC+ Str+9 Int+6 Dex+4}
   (You bought it in a shop on level 2 of the Orcish Mines)

   [ring of intelligence]

   It affects your strength (+9).
   It affects your intelligence (+6).
   It affects your dexterity (+4).
   It protects you from cold.
 C - an uncursed ring of protection from fire
 G - an uncursed ring of positive energy
 K - an uncursed ring of flight
Wands
 g - a wand of random effects (21/48)
 y - a wand of iceblast (9/15)
 F - a wand of flame (28/48)
 O - a wand of disintegration (13/24)
Scrolls
 h - a scroll of fog
 i - 3 scrolls of recharging
 j - 4 scrolls of blinking
 v - 6 scrolls of teleportation
 x - a scroll of noise {unknown}
 A - a scroll of summoning {unknown}
 E - 3 scrolls of remove curse
 L - a scroll of random uselessness {unknown}
 N - a scroll of fear {unknown}
Potions
 d - 3 potions of brilliance {unknown}
 m - 3 potions of flight
 n - 3 potions of berserk rage {unknown}
 o - a potion of agility
 p - 2 potions of mutation {unknown}
 q - a potion of curing
 r - 2 potions of degeneration
 s - 5 potions of haste
 w - a potion of might
 z - 2 potions of invisibility
 H - 2 potions of resistance
Comestibles
 c - 8 bread rations
 I - 4 chunks of flesh


   Skills:
 + Level 12.7 Fighting
 * Level 16.5 Axes
 + Level 12.1 Armour
 - Level 9.3 Dodging


You had 11 spell levels left.
You didn't know any spells.

Dungeon Overview and Level Annotations

Branches:
Dungeon (11/15)            Temple (0/1) D:6            Lair (0/6) D:8
    Orc (2/2) D:11            Elf (2/3) Orc:2

Altars:
Dithmenos
Kikubaaqudgha
Xom
Zin
Beogh

Shops:
D:5 ?!([   Orc:2 }=:}


Innate Abilities, Weirdness & Mutations

You reflexively headbutt those who attack you in melee.
You have a pair of horns on your head.
You are agile. (Dex +2)
Armour fits poorly on your strangely shaped body.
Your system is resistant to poisons. (rPois)


Message History

The deep elf sorcerer seems to speed up.
Unknown command.
The deep elf knight closely misses you. You furiously retaliate!
You headbutt the deep elf knight!
Unknown command.
The deep elf archer shoots an arrow.
The arrow hits you!
The deep elf archer shoots an arrow.
The arrow completely misses you. The deep elf knight barely misses you.
There is a stone staircase leading up, spattered with blood here.
You see here 4 arrows.
Unknown command.
Unknown command.
Unknown command.
The deep elf archer blinks!
The deep elf archer shoots an arrow.
The arrow hits you!
The deep elf sorcerer casts a spell at you.
The bolt of acid hits you!
* * * LOW HITPOINT WARNING * * *
You are splashed with acid!
The acid burns!
You die...

### ###.###
#..@e.#
#.>ยง..e...#
#....e..).#
#....ee...#
+.....>.!.#
#.........#
##+...e.#+#
###.###


You could see a deep elf sorcerer, 2 deep elf archers, a deep elf knight and 2
deep elf magi.

Vanquished Creatures
  A deep elf annihilator (Elf:1)
  An ettin (Orc:2)
  Erolcha (D:10)
  6 two-headed ogres
  4 dancing weapons (Elf:1)
  2 deep elf knights (Elf:1)
  A deep elf archer (Elf:1)
  An orc knight (D:11)
  7 orc sorcerers (Orc:2)
  9 deep elf magi (Elf:1)
  2 trolls (D:9)
  2 hippogriffs
  A vampire (D:10)
  3 hungry ghosts
  10 yaks (D:10)
  A wyvern (D:9)
  A steam dragon (D:9)
  10 wargs
  12 orc warriors
  2 sky beasts
  3 black bears
  6 ogres
  An eye of draining (D:10)
  2 centaurs
  5 bullfrogs
  A big kobold (D:9)
  A scorpion (D:9)
  3 wights (D:10)
  2 howler monkeys (D:11)
  2 bullfrog zombies
  3 hounds
  A jelly (D:4)
  13 orc priests
  3 centaur skeletons
  A bullfrog skeleton (D:9)
  A worker ant (D:10)
  5 iguanas
  32 orc wizards
  A hound zombie (D:6)
  8 mummies (Ossuary)
  2 worker ant zombies
  An adder (D:2)
  3 gnolls (D:3)
  2 shadow imps
  An ooze (D:5)
  2 adder skeletons
  2 dart slugs
  3 leopard geckos
  61 orcs
  4 giant cockroaches
  A gnoll zombie (Ossuary)
  A goblin (D:1)
  A hobgoblin (D:2)
  A jackal (D:3)
  6 kobolds
  4 quokkas
  A bat (D:2)
  3 frilled lizards
  4 hobgoblin zombies (Ossuary)
  A kobold zombie (Ossuary)
  2 orc zombies (Ossuary)
277 creatures vanquished.

Vanquished Creatures (others)
  An adder (D:8)
  An orc (D:11)
2 creatures vanquished.

Grand Total: 279 creatures vanquished

Notes
Turn   | Place    | Note
-------+----------+-------------------------------------------
     0 | D:1      | 4thArraOfDagon the Minotaur Berserker began the quest for the Orb.
     0 | D:1      | Reached XP level 1. HP: 19/19 MP: 0/0
   136 | D:2      | Reached skill level 4 in Axes
   136 | D:2      | Reached XP level 2. HP: 27/27 MP: 1/1
   285 | D:3      | Reached XP level 3. HP: 33/33 MP: 2/2
   382 | D:4      | Reached XP level 4. HP: 40/40 MP: 3/3
   448 | D:5      | Entered Level 5 of the Dungeon
   500 | D:5      | Found Myes Xah's Weapon Emporium.
   508 | D:5      | Found Xeycuq's Distillery.
   519 | D:5      | Bought a potion of lignification for 33 gold pieces
   519 | D:5      | Bought a potion of curing for 33 gold pieces
   519 | D:5      | Bought a potion of degeneration for 11 gold pieces
   534 | D:5      | Reached skill level 5 in Axes
   541 | D:5      | Found Zuzerr's Magic Scroll Shop.
   588 | D:4      | Reached XP level 5. HP: 44/47 MP: 4/4
   605 | D:4      | Found a shadowy altar of Dithmenos.
   625 | D:4      | Reached ** piety under Trog
   728 | D:5      | Found a sand-covered staircase.
   736 | Ossuary  | Entered an ossuary
   796 | Ossuary  | Reached skill level 5 in Fighting
   796 | Ossuary  | Reached XP level 6. HP: 48/56 MP: 5/5
   888 | Ossuary  | Reached skill level 6 in Axes
  1017 | D:5      | Found Doexugor's Antique Armour Shoppe.
  1020 | D:5      | Bought a jewelled ring mail for 162 gold pieces
  1030 | D:5      | Identified the +1 ring mail "Gonissu" {rC+ Str+4} (You bought it in a shop on level 5 of the Dungeon)
  1191 | D:4      | Reached XP level 7. HP: 42/61 MP: 6/6
  1327 | D:6      | Found a staircase to the Ecumenical Temple.
  1337 | D:6      | Reached skill level 7 in Axes
  1341 | D:6      | Reached skill level 5 in Armour
  1452 | D:7      | Reached XP level 8. HP: 47/70 MP: 7/7
  1477 | D:7      | Found a shimmering altar of Xom.
  1501 | D:7      | Reached skill level 8 in Axes
  1525 | D:7      | Found an ancient bone altar of Kikubaaqudgha.
  1527 | D:7      | Reached skill level 5 in Dodging
  1532 | D:7      | Noticed a hippogriff
  1537 | D:7      | Killed a hippogriff
  1537 | D:7      | Reached *** piety under Trog
  1683 | D:8      | Reached skill level 9 in Axes
  1692 | D:8      | Found a staircase to the Lair.
  1692 | D:8      | Noticed a two-headed ogre
  1696 | D:8      | Noticed a two-headed ogre
  1698 | D:8      | Noticed a two-headed ogre
  1699 | D:8      | Killed a two-headed ogre
  1699 | D:8      | Reached XP level 9. HP: 79/79 MP: 8/8
  1699 | D:8      | Reached skill level 10 in Axes
  1712 | D:8      | Killed a two-headed ogre
  1714 | D:8      | Killed a two-headed ogre
  1714 | D:8      | Reached skill level 11 in Axes
  1769 | D:8      | Noticed an angel
  1770 | D:8      | Found a glowing silver altar of Zin.
  1771 | D:8      | Found a shimmering altar of Xom.
  1775 | D:8      | Reached XP level 10. HP: 66/90 MP: 9/9
  2036 | D:9      | Noticed a two-headed ogre
  2046 | D:9      | Killed a two-headed ogre
  2046 | D:9      | Reached skill level 12 in Axes
  2373 | D:10     | Entered Level 10 of the Dungeon
  2373 | D:10     | Noticed a two-headed ogre
  2379 | D:10     | Killed a two-headed ogre
  2504 | D:10     | Reached **** piety under Trog
  2533 | D:10     | Reached XP level 11. HP: 92/99 MP: 10/10
  2537 | D:10     | Noticed Erolcha
  2548 | D:10     | Received a gift from Trog
  2548 | D:10     | Reached skill level 10 in Fighting
  2548 | D:10     | Reached skill level 13 in Axes
  2550 | D:10     | Noticed a two-headed ogre
  2590 | D:10     | Killed Erolcha
  2604 | D:10     | Killed a two-headed ogre
  2660 | D:10     | Gained mutation: Your system is resistant to poisons. (rPois) [mutagenic meat]
  2661 | D:10     | Gained mutation: Armour fits poorly on your strangely shaped body. [mutagenic meat]
  2662 | D:10     | Gained mutation: Your muscles are strong. (Str +2) [mutagenic meat]
  2663 | D:10     | Gained mutation: You are agile. (Dex +2) [mutagenic meat]
  2664 | D:10     | Lost mutation: Your muscles are strong. (Str +2) [mutagenic meat]
  2873 | D:11     | Found a staircase to the Orcish Mines.
  2873 | D:11     | Noticed an orc knight
  2882 | D:11     | Killed an orc knight
  2882 | D:11     | Reached skill level 10 in Armour
  2941 | Orc:1    | Entered Level 1 of the Orcish Mines
  2994 | Orc:1    | Found a roughly hewn altar of Beogh.
  3130 | Orc:2    | Entered Level 2 of the Orcish Mines
  3130 | Orc:2    | Found a staircase to the Elven Halls.
  3149 | Orc:2    | Reached skill level 14 in Axes
  3225 | Orc:2    | Noticed an ettin
  3242 | Orc:2    | Killed an ettin
  3474 | Orc:2    | Noticed an orc sorcerer
  3475 | Orc:2    | Killed an orc sorcerer
  3487 | Orc:2    | Noticed an orc sorcerer
  3492 | Orc:2    | Noticed an orc sorcerer
  3495 | Orc:2    | Killed an orc sorcerer
  3500 | Orc:2    | Noticed an orc sorcerer
  3507 | Orc:2    | Noticed a soul eater
  3510 | Orc:2    | Killed an orc sorcerer
  3518 | Orc:2    | Reached XP level 12. HP: 66/110 MP: 11/11
  3523 | Orc:2    | Received a gift from Trog
  3570 | Orc:2    | Found Kacosmu's Book Emporium.
  3570 | Orc:2    | Found Nejaytit's Gadget Shop.
  3602 | Orc:2    | Found a roughly hewn altar of Beogh.
  3628 | Orc:2    | Found Xuepruenk's Gadget Emporium.
  3636 | Orc:2    | Reached skill level 15 in Axes
  3651 | Orc:2    | Found Jaqau's Jewellery Shop.
  3663 | Orc:2    | Bought the ring "Cayf Hyg" {rC+ Str+9 Int+6 Dex+4} for 1097 gold pieces
  3790 | Elf:1    | Entered Level 1 of the Elven Halls
  4132 | Elf:1    | Reached skill level 16 in Axes
  4313 | Elf:1    | Noticed a deep elf annihilator
  4320 | Elf:1    | Identified Cetuo's Handbook of Arcane Weapons
  4327 | Elf:1    | Killed a deep elf annihilator
  4502 | Elf:2    | Noticed a deep elf sorcerer
  4506 | Elf:2    | Splashed by a deep elf sorcerer's acid

Vault maps used:
D:1:      dpeg_arrival_more_subterranean_lakeside_camping, minmay_pentomino_v2
D:2:      nemelex_xobeh_ov_fountains_minmay
D:3:      lemuel_crystal_altar, yredelemnul_forgotten_temple_becter
D:4:      nicolae_overflow_crystal_walls
D:5:      enter_ossuary_2, serial_shops, shop, nicolae_shop_behind_doors, shop,
          nicolae_shop_temple_entry_statues_fountains, first_bread
D:6:      minmay_temple_entry_trees
D:7:      gammafunk_temple_overflow_statue, kennysheep_mini_moat,
          old_standard_altar, basic_altar
D:8:      grunt_temple_overflow_order_and_chaos_1, tgw_sif,
          erik_lair_orcish_takeover, uniq_psyche
D:10:     uniq_erolcha
D:11:     erik_orc_2
Orc:1:    basic_altar
Orc:2:    st_orc_town
Elf:1:    minmay_elf_annihilation
Elf:2:    serial_shops, nicolae_shop_crystal
Ossuary:  ossuary_tomb_3

Skill      XL: |  1  2  3  4  5  6  7  8  9 10 11 12 |
---------------+-------------------------------------+-----
Axes           | 4 5 6 7 9 11 12 14 16 | 16.5
Fighting       | 4 5 6 7 8 9 11 12 | 12.7
Armour         | 3 4 5 6 8 9 10 12 | 12.1
Dodging        | 3 4 6 7 8 9 |  9.3

Action                   |  1- 3 |  4- 6 |  7- 9 | 10-12 || total
-------------------------+-------+-------+-------+-------++-------
Melee: Hand axe          |    27 |    88 |    69 |   219 ||   403
       Headbutt          |     2 |    21 |    18 |   106 ||   147
       Battleaxe         |       |       |       |   208 ||   208
Invok: Berserk           |     2 |     5 |     4 |    17 ||    28
       Trog's Hand       |       |     2 |     2 |    28 ||    32
       Burn Spellbooks   |       |       |       |     1 ||     1
  Use: Scroll            |     3 |     6 |       |     7 ||    16
       Potion            |       |       |       |     7 ||     7
 Stab: Invisible         |       |       |       |     8 ||     8
  Eat: Chunk             |       |     4 |     7 |    34 ||    45
       Fruit             |       |     5 |       |       ||     5
       Royal jelly       |       |     1 |       |     3 ||     4
       Meat ration       |       |       |       |     3 ||     3
Armor: Animal skin       |     4 |     4 |       |       ||     8
       Chain mail        |       |    10 |       |       ||    10
       Ring mail         |       |     9 |    13 |    56 ||    78
       Skin              |       |       |       |    47 ||    47
Dodge: Dodged            |    24 |    51 |    45 |   214 ||   334
